 Dungeon Crawl Stone Soup version 0.21-a0-264-g3e31e41 (webtiles) character file.

98 Impy the Insei (level 4, -3/29 HPs)
             Began as a Tengu Monk on Sept 10, 2017.
             Killed from afar by Natasha (9 damage)
             ... with a magic dart
             ... on level 3 of the Dungeon.
             The game lasted 00:07:35 (1543 turns).

Impy the Insei (Tengu Monk)                         Turns: 1543, Time: 00:07:36

Health: -3/29      AC:  0    Str: 11 (12) XL:     4   Next: 71%
Magic:  5/5        EV: 27    Int: 10 (11) God:
Gold:   120        SH:  0    Dex: 20 (21) Spells: 3/3 levels left

rFire    + . .     SeeInvis .     - Unarmed
rCold    + . .     Gourm    +   (shield currently unavailable)
rNeg     . . .     Faith    .   (armour currently unavailable)
rPois    +         Spirit   .   (helmet currently unavailable)
rElec    +         Reflect  .   (cloak currently unavailable)
rCorr    +         Harm     .   (gloves currently unavailable)
MR       .....                  (boots unavailable)
Stlth    ++........             n - amulet of the gourmand
HPRegen  0.09/turn              (ring currently unavailable)
MPRegen  0.09/turn              (ring currently unavailable)

@: bat-form, resistant, flying quickly and evasively, very quick
A: no striking features
a: no special abilities


You were on level 3 of the Dungeon.
You were not hungry.
You were in bat-form.
You visited 1 branch of the dungeon, and saw 3 of its levels.

You collected 120 gold pieces.

Inventory:

Armour
 a - a +1 robe (melded)
Jewellery
 n - an amulet of the gourmand (around neck)
 o - a +2 ring of protection (melded)
Scrolls
 e - a scroll of teleportation
 i - a scroll of identify
 l - a scroll of fear
Potions
 c - a potion of ambrosia
 f - a potion of haste
 p - a potion of curing
Comestibles
 b - a bread ration
 g - 3 meat rations
 k - 2 fruits


   Skills:
 + Level 3.9 Fighting
 + Level 4.2 Dodging
 - Level 2.0 Stealth
 + Level 4.3 Unarmed Combat


You had 3 spell levels left.
You didn't know any spells.

Dungeon Overview and Level Annotations

Branches:
Dungeon (3/15)

Altars:

Annotations:
D:3 Natasha


Innate Abilities, Weirdness & Mutations

((You have a beak for a mouth.))
((You have claws for feet.))


Message History

You hit Natasha.
Natasha is lightly wounded.
Natasha barely misses you.
You hit Natasha but do no damage.
Natasha is lightly wounded.
You barely miss Natasha.
Natasha is lightly wounded.
Natasha completely misses you. The iron imp completely misses you.
You hit Natasha but do no damage.
Natasha is lightly wounded.
Natasha completely misses you. The iron imp hits you.
You hit Natasha but do no damage.
Natasha is lightly wounded.
Natasha claws you! The iron imp hits you!
* * * LOW HITPOINT WARNING * * *
You are too injured to fight recklessly!
You are too injured to fight recklessly!
Natasha casts a spell at you. The magic dart hits you!
You die...

#############
............#
............#
......).....#
......h5....# ###
............###########..
........b......##.......#
....)......<......#######
................###
..............<##
...............#
...............#
............####
............#
...........#


You could see an iron imp and Natasha.

Vanquished Creatures
  Jessica (D:3)
  Natasha (D:3)
  2 worms (D:2)
  A leopard gecko (D:1)
  3 giant cockroaches
  5 goblins
  5 hobgoblins
  3 quokkas
  7 bats
  5 frilled lizards
  5 kobolds
  2 rats
40 creatures vanquished.

Notes
Turn   | Place    | Note
-------+----------+-------------------------------------------
     0 | D:1      | Impy the Tengu Monk began the quest for the Orb.
     0 | D:1      | Reached XP level 1. HP: 14/14 MP: 2/2
   129 | D:1      | Reached XP level 2. HP: 19/19 MP: 3/3
   526 | D:1      | You fall through a shaft!
   586 | D:2      | Reached XP level 3. HP: 23/23 MP: 4/4
  1418 | D:3      | Noticed Jessica
  1418 | D:3      | Noticed Natasha
  1439 | D:3      | Killed Natasha
  1439 | D:3      | Reached XP level 4. HP: 29/29 MP: 5/5
  1445 | D:3      | Killed Jessica
  1531 | D:3      | Noticed Natasha
  1543 | D:3      | Killed from afar by Natasha

Vault maps used:
D:1:      minmay_arrival_semitransparent
D:3:      wad_floor_pattern_2, kennysheep_jessica_study, uniq_sigmund,
          uniq_natasha

Skill      XL: |  1  2  3 |
---------------+----------+-----
Unarmed Combat | 4 |  4.3
Dodging        | 4 |  4.2
Fighting       | |  3.9
Stealth        | |  2.0

Action                   |  1- 3 |  4- 6 || total
-------------------------+-------+-------++-------
Melee: Unarmed           |    87 |    17 ||   104
       Kick              |    20 |     1 ||    21
       Punch             |     2 |       ||     2
       Peck              |     9 |     1 ||    10
  Use: Scroll            |     2 |     6 ||     8
       Potion            |       |     5 ||     5
 Stab: Sleeping          |     3 |       ||     3
  Eat: Chunk             |     2 |     4 ||     6
Armor: Robe              |    15 |     2 ||    17
       Skin              |     6 |     9 ||    15
Dodge: Dodged            |    73 |    18 ||    91

Table legend:
 A = Spawn XP
 B = Non-spawn XP
 C = Spawn XP percentage of total XP
 D = Spawn monster count
 E = Non-spawn monster count
 F = Spawn count percentage of total count
 G = Total turns spent on level
                    A         B        C        D         E        F      G
               +---------+---------+-------+---------+---------+-------+---------
         Total |       0 |     141 |   0.0 |       0 |      40 |   0.0 |  1543
               +---------+---------+-------+---------+---------+-------+---------
           D:1 |       0 |      31 |   0.0 |       0 |      18 |   0.0 |   600
           D:2 |       0 |      32 |   0.0 |       0 |      16 |   0.0 |   718
           D:3 |       0 |      78 |   0.0 |       0 |       6 |   0.0 |   225
               +---------+---------+-------+---------+---------+-------+---------
